 Dungeon Crawl Stone Soup version 0.26-a0-660-gc07710193c (webtiles) character file.

Game seed: 17739093781287792388

785 robertstho the Ruffian (level 7, -11/100 HPs)
             Began as a Troll Berserker on Oct 6, 2020.
             Was a Priest of Trog.
             Mangled by an orc warrior
             ... wielding a +0 battleaxe
              (15 damage)
             ... on level 6 of the Dungeon.
             The game lasted 00:04:26 (3562 turns).

robertstho the Ruffian (Troll Berserker)            Turns: 3562, Time: 00:04:27

Health: -11/100    AC:  9    Str: 26    XL:     7   Next: 56%
Magic:  6/6        EV: 11    Int:  5    God:    Trog [***...]
Gold:   230        SH:  0    Dex:  9    Spells: 6/6 levels left

rFire    x . .     SeeInvis .     - Unarmed
rCold    + . .     Faith    .   (no shield)
rNeg     . . .     Spirit   .   a - +0 animal skin
rPois    .         Reflect  .   y - +2 hat
rElec    .         Harm     .   t - +0 cloak
rCorr    .         Rampage  .   (gloves unavailable)
MR       .....                  (boots unavailable)
Stlth    ..........             s - amulet of magic regeneration
HPRegen  0.66/turn              i - ring of attention (curse)
MPRegen  0.35/turn              o - ring of ice

@: berserking, very quick
A: large, unfitting armour, claws 3, regeneration 1, shaggy fur 1, tough skin 3
a: Berserk, Trog's Hand, Renounce Religion


You were on level 6 of the Dungeon.
You worshipped Trog.
Trog was most pleased with you.
You visited 1 branch of the dungeon, and saw 6 of its levels.

You collected 230 gold pieces.

Inventory:

Armour
 a - a +0 animal skin (worn)
 t - a +0 cloak (worn)
 y - a +2 hat (worn)
Jewellery
 i - a cursed ring of attention (left claw)
 o - a ring of ice (right claw)
 s - an amulet of magic regeneration (around neck)
Wands
 q - a wand of acid (9)
 r - a wand of polymorph (13)
 u - a wand of disintegration (8)
Scrolls
 b - 2 scrolls of identify
 d - 3 scrolls of magic mapping {unknown}
 f - a scroll of random uselessness {unknown}
 g - 2 scrolls of remove curse {unknown}
 j - 4 scrolls of teleportation {unknown}
 k - 2 scrolls of amnesia {unknown}
 p - 2 scrolls of blinking {unknown}
 v - 2 scrolls of enchant weapon {unknown}
 w - a scroll of enchant armour {unknown}
Potions
 c - a potion of flight
 e - 2 potions of degeneration {unknown}
 h - a potion of resistance {unknown}
 l - 3 potions of might {unknown}
 m - a potion of mutation
 n - a potion of curing
 x - a potion of heal wounds {unknown}


   Skills:
 * Level 3.5 Fighting
 * Level 4.0 Dodging
 + Level 0.8 Stealth
 * Level 7.2 Unarmed Combat


You had 6 spell levels left.
You didn't know any spells.
Your spell library was empty.

Dungeon Overview and Level Annotations

Branches:
Dungeon (6/15)
 Temple: D:4-7

Altars:
Ashenzari
Cheibriados
Fedhas
Kikubaaqudgha
Nemelex Xobeh
Okawaru
The Shining One

Shops:
D:4 :   D:5 [((


Innate Abilities, Weirdness & Mutations

You are too large for most types of armour.
You have claws for hands.
Your natural rate of healing is unusually fast.
You are covered in fur. (AC +1)
You have extremely tough skin. (AC +3)


Message History

You claw the leopard gecko zombie!
You destroy the leopard gecko zombie!
Trog accepts your kill.
You closely miss the orc warrior. You scratch the orc warrior.
The orc warrior is moderately wounded.
The orc warrior hits you with a +0 battleaxe!!
* * * LOW HITPOINT WARNING * * *
You closely miss the orc warrior.
The orc warrior is moderately wounded.
You barely miss the orc warrior. Your claw misses the orc warrior.
The orc warrior is moderately wounded.
The orc warrior hits you with a +0 battleaxe.
* * * LOW HITPOINT WARNING * * *
You closely miss the orc warrior.
The orc warrior is moderately wounded.
You closely miss the orc warrior.
The orc warrior is moderately wounded.
The orc warrior hits you with a +0 battleaxe!
You die...

#......$........#
#...............#
#...............#
#............#
#>....)....#<#
#..........#...#
#..........#...#
#..............#
#...o@....##....
#....).....#...##
#.......###.#...#
#.......# .#...#
#........ ##
#.........
#.........
#..........


You could see an orc warrior.

Vanquished Creatures
  A water moccasin (D:5)
  A phantom (D:5)
  An ogre (D:5)
  A centaur (D:5)
  A scorpion (D:4)
  A crimson imp (D:4)
  A hound (D:6)
  A centaur skeleton (D:4)
  An orc priest (D:6)
  An orc wizard (D:4)
  2 worker ants
  7 adders
  An ooze (D:2)
  6 worms
  A dart slug (D:1)
  7 leopard geckos
  9 orcs
  5 giant cockroaches
  3 goblins
  7 hobgoblins
  2 jackals (D:2)
  4 quokkas
  A ball python (D:1)
  5 bats
  3 frilled lizards
  2 goblin zombies (D:4)
  A hobgoblin zombie (D:4)
  12 kobolds
  3 kobold skeletons (D:4)
  A leopard gecko zombie (D:6)
  3 orc zombies (D:4)
  16 rats
111 creatures vanquished.

Vanquished Creatures (others)
  A human (D:5)
  6 plants (D:2)
  6 withered plants (D:2)
13 creatures vanquished.

Grand Total: 124 creatures vanquished

Notes
Turn   | Place    | Note
-------+----------+-------------------------------------------
     0 | D:1      | robertstho the Troll Berserker began the quest for the Orb.
     0 | D:1      | Reached XP level 1. HP: 22/22 MP: 0/0
   219 | D:1      | Reached XP level 2. HP: 28/29 MP: 1/1
   479 | D:2      | Reached ** piety under Trog
   593 | D:2      | Reached XP level 3. HP: 36/36 MP: 2/2
   886 | D:2      | Reached XP level 4. HP: 42/44 MP: 3/3
   911 | D:2      | Reached skill level 4 in Unarmed Combat
   914 | D:2      | Found a blossoming altar of Fedhas.
   941 | D:2      | Found an ancient bone altar of Kikubaaqudgha.
  1574 | D:3      | Reached *** piety under Trog
  1924 | D:4      | Found a sparkling altar of Nemelex Xobeh.
  1960 | D:4      | Reached XP level 5. HP: 53/53 MP: 4/4
  2291 | D:4      | Reached skill level 5 in Unarmed Combat
  2298 | D:4      | Found a glowing golden altar of the Shining One.
  2317 | D:4      | Reached XP level 6. HP: 61/61 MP: 5/5
  2397 | D:4      | Found an iron altar of Okawaru.
  2540 | D:4      | Reached **** piety under Trog
  2689 | D:4      | Found Xatalof's Book Boutique.
  2787 | D:4      | Found a broken altar of Ashenzari.
  2787 | D:4      | Found a snail-covered altar of Cheibriados.
  2879 | D:5      | Entered Level 5 of the Dungeon
  2918 | D:5      | Found an ancient bone altar of Kikubaaqudgha.
  2921 | D:5      | Noticed a water moccasin
  2931 | D:5      | Killed a water moccasin
  2931 | D:5      | Reached skill level 6 in Unarmed Combat
  2933 | D:5      | Found Arasouse's Antique Weapon Shoppe.
  3081 | D:5      | Found Ytisehul's Weapon Shop.
  3100 | D:5      | Found Nuveillu's Armour Emporium.
  3130 | D:5      | Reached XP level 7. HP: 42/67 MP: 6/6
  3449 | D:5      | Noticed a human
  3451 | D:5      | Killed a human
  3486 | D:5      | Reached skill level 7 in Unarmed Combat
  3560 | D:6      | HP: 4/100 [orc warrior/+0 battleaxe (5)]
  3562 | D:6      | Mangled by an orc warrior

Illustrated notes

Levels and vault maps discovered:
D:1:      matt_arrival_diagonals, layout_basic
D:2:      layout_loops_ring, grunt_temple_overflow_growth_and_decay,
          lexackson_kobold_supper
D:3:      layout_basic, minmay_fractal_squares_5
D:4:      layout_loops_corners, nemelex_xobeh_ov_fountains_minmay,
          gammafunk_temple_overflow_wave, okawaru_trees_1, serial_shops,
          kennysheep_mini, nicolae_tso_besieged_by_evil
D:5:      layout_rooms, serial_shops, shop, shop, shop, tgw_kikubaaqudgha
D:6:      kb_forest_paths, layout_basic, marbit_many_paths,
          minmay_temple_entry_drinking_statues

Skill      XL: |  1  2  3  4  5  6  7 |
---------------+----------------------+-----
Dodging        | 3 4 |  4.0
Unarmed Combat | 4 5 6 7 |  7.2
Fighting       | 3 |  3.5
Stealth        | |  0.8

Action                   |  1- 3 |  4- 6 |  7- 9 || total
-------------------------+-------+-------+-------++-------
Melee: Unarmed           |   128 |   172 |    37 ||   337
       Punch             |     4 |     2 |     2 ||     8
Invok: Trog's Hand       |       |     2 |       ||     2
       Berserk           |       |     1 |     1 ||     2
  Use: Scroll            |       |     4 |       ||     4
 Stab: Sleeping          |       |     2 |       ||     2
Armor: Animal skin       |    45 |    61 |     4 ||   110
Dodge: Dodged            |    50 |    88 |    16 ||   154

Table legend: (Time is in decaauts)
 A = Elapsed time spent in this place.
 B = Non-inter-level travel time spent in this place.
 C = Inter-level travel time spent in this place.
 D = Time resting spent in this place.
 E = Time spent auto-exploring this place.
 F = Levels seen in this place.
 G = Mean time per level.
                   A        B        C        D        E       F      G
               +--------+--------+--------+--------+--------+-----+--------+
         Total |   3535 |   3389 |    146 |     83 |   2676 |   6 |  589.2 |
       Dungeon |   3535 |   3389 |    146 |     83 |   2676 |   6 |  589.2 |
               +--------+--------+--------+--------+--------+-----+--------+

Top non-repeatable levels by time:
     D:4: 975 daAuts
     D:2: 822 daAuts
     D:5: 648 daAuts
     D:3: 593 daAuts
     D:1: 465 daAuts
     D:6: 30 daAuts
